 Dungeon Crawl Stone Soup version 0.30-a0-738-g116ff8c4af (webtiles) character file.

Game seed: 17647806059213046242

158 kiwi3s the Trooper (level 5, -4/48 HPs)
             Began as a Minotaur Berserker on Feb 3, 2023.
             Was a Believer of Trog.
             Slain by an ogre
             ... wielding a +0 giant club
              (15 damage)
             ... on level 4 of the Dungeon.
             The game lasted 00:03:00 (2565 turns).

kiwi3s the Trooper (Minotaur Berserker)             Turns: 2565, Time: 00:03:01

Health: -4/48      AC:  3    Str: 23    XL:     5   Next: 16%
Magic:  4/4        EV: 12    Int:  4    God:    Trog [**....]
Gold:   176        SH:  3    Dex: 10    Spells: 4/4 levels left

rFire   . . .      SeeInvis .    a - +0 hand axe
rCold   . . .      Faith    .    y - +0 buckler
rNeg    . . .      Spirit   .    b - +0 animal skin
rPois   .          Reflect  .    (helmet restricted)
rElec   .          Harm     .    q - +0 cloak
rCorr   .          Rampage  .    (no gloves)
Will    .....                    (no boots)
Stlth   +                        (no amulet)
HPRegen 0.28/turn                (no ring)
MPRegen 0.09/turn                (no ring)

@: no status effects
A: horns 2, retaliatory headbutt
a: Renounce Religion, Berserk, Trog's Hand


You were on level 4 of the Dungeon.
You worshipped Trog.
Trog was pleased with you.
You visited 1 branch of the dungeon, and saw 4 of its levels.

You collected 176 gold pieces.

Inventory:

Hand Weapons
 a - a +0 hand axe (weapon)
Missiles
 w - 10 boomerangs (quivered)
Armour
 b - a +0 animal skin (worn)
 q - a +0 cloak (worn)
 y - a +0 buckler (worn)
Jewellery
 k - a ring of ice
 n - a ring of ice
 r - a ring of fire
Wands
 z - a wand of charming (13)
Scrolls
 c - 2 scrolls of blinking {unknown}
 d - 2 scrolls of immolation {unknown}
 e - 2 scrolls of teleportation {unknown}
 f - a scroll of amnesia {unknown}
 h - 2 scrolls of magic mapping {unknown}
 m - 3 scrolls of identify {unknown}
 s - a scroll of fog {unknown}
 t - a scroll of vulnerability {unknown}
 u - a scroll of brand weapon {unknown}
 A - a scroll of butterflies {unknown}
 C - a scroll of enchant armour {unknown}
Potions
 g - a potion of cancellation {unknown}
 i - a potion of curing {unknown}
 j - a potion of heal wounds {unknown}
 l - a potion of haste {unknown}
 o - a potion of brilliance {unknown}
 p - a potion of berserk rage {unknown}
 v - a potion of degeneration {unknown}
 x - 2 potions of ambrosia {unknown}
 B - 2 potions of lignification {unknown}


   Skills:
 + Level 5.1 Fighting
 + Level 5.0 Axes
 + Level 2.8 Armour
 + Level 3.3 Dodging
 - Level 0.5 Stealth


You had 4 spell levels left.
You didn't know any spells.
Your spell library was empty.

Dungeon Overview and Level Annotations

Branches:
Dungeon (4/15)
 Temple: D:4-7

Altars:
Wu Jian
The Shining One


Innate Abilities, Weirdness & Mutations

You have a pair of horns on your head.
You reflexively headbutt those who attack you in melee.


Message History

There is an open door here.
A giant cockroach comes into view.
A giant cockroach is nearby!
A giant cockroach is nearby!
A giant cockroach is nearby!
A giant cockroach is nearby!
A giant cockroach is nearby!
Found a spear.
A giant cockroach is nearby!
The helpless giant cockroach fails to defend itself.
You hit the giant cockroach.
You kill the giant cockroach!
Trog accepts your kill.
You now have 176 gold pieces (gained 13).
Key pressed, stopping explore.
No target in view!
You see here a giant cockroach corpse.
You see here a giant cockroach corpse.
You see here a +0 spear.
Key pressed, stopping explore.
No target in view!
C - a scroll labelled CAMNIPUIWE No target in view!
An ogre comes into view. It is wielding a +0 giant club.
An ogre is nearby!
The ogre shouts!
An ogre is nearby!
An ogre is nearby!
An ogre is nearby!
You hit the ogre but do no damage. The ogre hits you with a +0 giant club!
The ogre closely misses you.
You completely miss the ogre. The ogre closely misses you.
An ogre is nearby!
You slash the ogre! You headbutt the ogre!
The ogre is severely wounded.
The ogre hits you with a +0 giant club!!
Ouch! That really hurt!
* * * LOW HITPOINT WARNING * * *
You fail to use your ability.
The ogre hits you with a +0 giant club!
You die...

########## #........#
#.######.# ##.######.#
##..#...##.#
#......#.#.###########
##...#.....O..........
#...###.#@##...##.##.
#.........#.....#
#.##########...## #.#
##.## ####.##### #.#
#. #........# #.# #.
#.##.###.# ##+## #.
#.##.# #.# ##...## #.
#.#.)###.# ##.....##
####.


You could see an ogre.

Vanquished Creatures
  A scorpion (D:4)
  4 adders
  3 worms
  An orc (D:4)
  2 ball pythons
  5 endoplasms
  3 giant cockroaches
  7 goblins
  2 hobgoblins
  6 bats
  3 frilled lizards
  7 kobolds
  2 rats
46 creatures vanquished.

Notes
Turn   | Place    | Note
-------+----------+-------------------------------------------
     0 | D:1      | kiwi3s the Minotaur Berserker began the quest for the Orb.
     0 | D:1      | Reached XP level 1. HP: 19/19 MP: 0/0
   137 | D:1      | Reached XP level 2. HP: 27/27 MP: 1/1
   695 | D:2      | Reached XP level 3. HP: 33/33 MP: 2/2
  1011 | D:2      | Reached ** piety under Trog
  1242 | D:3      | Found a transporter.
  1244 | D:3      | Found a transporter.
  1263 | D:3      | Found a glowing golden altar of the Shining One.
  1552 | D:3      | Found an ornate altar of the Wu Jian Council.
  1613 | D:3      | Reached XP level 4. HP: 41/41 MP: 3/3
  2336 | D:4      | Noticed a scorpion
  2343 | D:4      | Killed a scorpion
  2344 | D:4      | Reached skill level 5 in Fighting
  2344 | D:4      | Reached skill level 5 in Axes
  2344 | D:4      | Reached XP level 5. HP: 23/48 MP: 4/4
  2551 | D:4      | Noticed an ogre
  2565 | D:4      | Slain by an ogre

Illustrated notes

Levels and vault maps discovered:
D:1:      dpeg_arrival_tiny_g, layout_rooms
D:2:      minmay_alternating_diamond, layout_rooms, dk_noncrumbling_3
D:3:      gammafunk_wand_slinger, layout_loops_ring, overflow_temple_1_default,
          mainiacjoe_overflow_surrounded_room
D:4:      layout_loops_corners

Skill      XL: |  1  2  3  4 |
---------------+-------------+-----
Fighting       | 4 5 |  5.1
Axes           | 4 5 |  5.0
Dodging        | 3 |  3.3
Armour         | |  2.8
Stealth        | |  0.5

Action                     |  1- 3 |  4- 6 || total
---------------------------+-------+-------++-------
  Melee: Hand axe          |    75 |    27 ||   102
         Headbutt          |    11 |     8 ||    19
 Invoke: Berserk           |       |     1 ||     1
   Stab: Sleeping          |     2 |     1 ||     3
 Armour: Animal skin       |    24 |     3 ||    27
  Dodge: Dodged            |    42 |    11 ||    53
  Block: Buckler           |       |     2 ||     2

Table legend: (Time is in decaauts)
 A = Elapsed time spent in this place.
 B = Non-inter-level travel time spent in this place.
 C = Inter-level travel time spent in this place.
 D = Time resting spent in this place.
 E = Time spent auto-exploring this place.
 F = Levels seen in this place.
 G = Mean time per level.
                   A        B        C        D        E       F      G
               +--------+--------+--------+--------+--------+-----+--------+
         Total |   2583 |   2407 |    176 |    233 |   1814 |   4 |  645.8 |
       Dungeon |   2583 |   2407 |    176 |    233 |   1814 |   4 |  645.8 |
               +--------+--------+--------+--------+--------+-----+--------+

Top non-repeatable levels by time:
     D:3: 948 daAuts
     D:2: 691 daAuts
     D:1: 486 daAuts
     D:4: 457 daAuts
